 Dungeon Crawl Stone Soup version 0.17.1-1-g73c8601 (webtiles) character file.

13064 Implojin the Brawler (level 11, -1/94 HPs)
             Began as a Troll Fighter on Apr 2, 2016.
             Was a High Priest of Okawaru.
             Slain by a basilisk (8 damage)
             ... on level 4 of the Lair of Beasts.
             The game lasted 00:25:36 (3906 turns).

Implojin the Brawler (Troll Fighter)                Turns: 3906, Time: 00:25:36

Health: -1/94      AC:  5    Str: 28    XL:     11   Next: 70%
Magic:  12/13      EV:  1    Int:  4    God:    Okawaru [*****.]
Gold:   74         SH:  0    Dex: 14    Spells: 0 memorised, 10 levels left

rFire  . . .     SeeInvis .       - Unarmed
rCold  . . .     Clarity  .     a - +0 robe
rNeg   + + +     SustAt   .     b - +1 shield
rPois  ∞         Gourm    +     (helmet restricted)
rElec  .         Spirit   .     (no cloak)
rCorr  .         Warding  .     (gloves unavailable)
rMut   .         Stasis   .     (boots unavailable)
MR     .....                    (no amulet)
Stlth  ++........               u - +2 ring of dexterity
                                H - +2 ring of strength

@: petrified, heroism, not resistant to hostile enchantments, unstealthy
A: unfitting armour, claws 3, fast metabolism 3, gourmand, regeneration 2,
shaggy fur 1, tough skin 2
a: Heroism, Finesse, Renounce Religion


You were on level 4 of the Lair of Beasts.
You worshipped Okawaru.
Okawaru was extremely pleased with you.
You were very full.

You visited 3 branches of the dungeon, and saw 17 of its levels.

You collected 396 gold pieces.
You spent 322 gold pieces at shops.

Inventory:

Hand Weapons
 G - a +6 blowgun
Missiles
 C - 5 curare-tipped needles
Armour
 a - a +0 robe (worn)
 b - a +1 shield (worn)
 q - a +0 large shield
 y - a +0 large shield
 Q - a +2 robe of cold resistance
Jewellery
 f - an uncursed ring of ice
 m - an uncursed ring of flight
 s - an uncursed ring of teleportation
 u - a +2 ring of dexterity (right claw)
 E - an uncursed ring of protection from magic
 H - a +2 ring of strength (left claw)
 P - an uncursed ring of ice
 R - an uncursed ring of protection from fire {unknown}
Wands
 j - a wand of confusion (31)
 o - a wand of lightning (4)
 p - a wand of fireball (5)
 v - a wand of polymorph (11)
 z - a wand of fire (5)
 A - a wand of disintegration (14)
 I - a wand of heal wounds (4)
 L - a wand of draining (5)
Scrolls
 e - 5 scrolls of recharging
 g - 4 scrolls of enchant armour
 h - a scroll of silence
 i - 4 scrolls of remove curse
 k - a scroll of fog
 l - 2 scrolls of fear
 r - 2 scrolls of teleportation
 w - 2 scrolls of amnesia
 N - a scroll of magic mapping {unknown}
Potions
 n - a potion of mutation
 x - 4 potions of curing
 B - a potion of brilliance
 J - a potion of flight
 K - a potion of lignification {unknown}
 M - a potion of agility
 S - 2 potions of ambrosia {unknown}
 U - a potion of poison {unknown}
Comestibles
 c - a slice of pizza
 d - 9 bread rations
 t - 2 beef jerkies
 D - a royal jelly
 F - 2 fruits
 O - 7 chunks of flesh
 T - 2 meat rations


   Skills:
 - Level 2.4(7.4) Fighting
 - Level 2.4(7.4) Dodging
 - Level 2.4(7.4) Shields
 - Level 17.0(22.0) Unarmed Combat
 * Level 4.6 Invocations


You had 10 spell levels left.
You didn't know any spells.

Dungeon Overview and Level Annotations

Branches:
Dungeon (12/15)            Temple (1/1) D:7            Lair (4/8) D:11
  Swamp: Lair:3-6    Shoals: Lair:3-6     Snake: Lair:3-6    Spider: Lair:3-6
    Orc: D:9-12

Altars:
Ashenzari
Dithmenos
Makhleb
Okawaru
Qazlal
Ru
Trog
Vehumet
Yredelemnul
Zin

Shops:
D:11 %*[(


Innate Abilities, Weirdness & Mutations

You are too large for most types of armour.
You have claws for hands.
Your metabolism is lightning-fast.
You like to eat raw meat.
You heal very quickly.
You are covered in fur (AC +1).
You have very tough skin (AC +2).


Message History

* * * LOW HITPOINT WARNING * * *
The basilisk bites you.
You turn to flesh and can move again.
Unknown command.
Your shield prevents you from hitting the basilisk.
The basilisk is heavily wounded.
The basilisk gazes at you. You resist with some effort.
You closely miss the basilisk.
The basilisk is heavily wounded.
The basilisk bites you!
* * * LOW HITPOINT WARNING * * *
You closely miss the basilisk.
The basilisk is heavily wounded.
The basilisk bites you!
* * * LOW HITPOINT WARNING * * *
You gain the combat prowess of a mighty hero.
You feel slightly less full. The basilisk bites you!
* * * LOW HITPOINT WARNING * * *
You barely miss the basilisk.
The basilisk is heavily wounded.
Unknown command.
You closely miss the basilisk.
The basilisk is heavily wounded.
The basilisk gazes at you.
You are slowing down.
Unknown command.
You claw the basilisk!
The basilisk is almost dead.
The basilisk gazes at you.
Your limbs have turned to stone.
You have turned to stone.
The basilisk bites you but does no damage.
The basilisk bites you!
* * * LOW HITPOINT WARNING * * *
The basilisk completely misses you.
The basilisk bites you but does no damage.
The basilisk bites you!
* * * LOW HITPOINT WARNING * * *
The basilisk bites you!
You die...

........ .....#. .#
#... ...#..# .# #.#..
#..P..### .## ##..#.
###...}.P.# .P#
#..#..####.#........
..#.##..PP.P.....l..#
.P.###.PPPP.....@.#
........P#P.###P..##
.####..............#
...# .####..##P..###
.#.# ##.###..# #. .#
#<.# #...# .. .. #..#
#..... .>. .. #..#
#####.. .## P #...
#.#


You could see a basilisk.

Vanquished Creatures
  The ghost of braveplatypus the Basher, a novice OgHu of Ashenzari (Lair:1)
  Fannar (D:11)
  Erica (D:9)
  The ghost of Implojin the Grappler, a novice TrFi of Okawaru (D:11)
  Sonja (D:10)
  The ghost of Implojin the Grappler, a novice TrFi of Cheibriados (D:11)
  A centaur zombie (D:10)
  Psyche (D:9)
  A torpor snail (Lair:3)
  2 fire drakes
  2 spiny frogs
  2 two-headed ogres
  2 trolls (D:10)
  A wyvern (D:10)
  Sigmund (D:2)
  A deep elf mage (D:9)
  A spriggan (D:7)
  A hungry ghost (D:10)
  A basilisk (Lair:3)
  9 yaks
  3 hippogriffs
  6 wolves (Lair:1)
  A water moccasin (Lair:3)
  A slave (D:8)
  A porcupine (Lair:3)
  3 phantoms
  An ice beast (D:5)
  An orc warrior (D:8)
  A centaur (D:5)
  3 ogres
  9 giant frogs
  3 scorpions
  16 killer bees
  3 crimson imps
  A jelly (D:10)
  A quasit (D:9)
  A wasp zombie (D:10)
  3 hounds
  An orc priest (D:8)
  A gnoll shaman (D:9)
  6 worker ants
  2 centaur skeletons
  2 orc wizards (D:11)
  3 iguanas
  A hound skeleton (D:7)
  2 worker ant zombies
  Robin (D:4)
  7 adders
  5 gnolls (D:9)
  A shadow imp (D:7)
  An adder zombie (D:5)
  A worm (D:2)
  3 giant geckos
  8 orcs
  A giant cockroach (D:2)
  6 hobgoblins
  9 jackals
  A giant newt (D:7)
  6 goblins (D:4)
  4 rats (D:2)
162 creatures vanquished.

Vanquished Creatures (others)
  2 fungi
2 creatures vanquished.

Grand Total: 164 creatures vanquished

Notes
Turn   | Place    | Note
--------------------------------------------------------------
     0 | D:1      | Implojin the Troll Fighter began the quest for the Orb.
     0 | D:1      | Reached XP level 1. HP: 22/22 MP: 0/0
   151 | D:2      | Found a bloodstained altar of Trog.
   229 | D:2      | Noticed Sigmund
   233 | D:2      | Reached XP level 2. HP: 29/29 MP: 1/1
   241 | D:2      | Killed Sigmund
   241 | D:2      | Reached skill level 5 in Unarmed Combat
   241 | D:2      | Reached XP level 3. HP: 26/36 MP: 2/2
   241 | D:2      | Reached XP level 4. HP: 31/44 MP: 3/3
   241 | D:2      | Reached XP level 5. HP: 35/50 MP: 4/4
   373 | D:4      | Reached skill level 6 in Unarmed Combat
   384 | D:5      | Entered Level 5 of the Dungeon
   407 | D:5      | Noticed an ice beast
   413 | D:5      | Killed an ice beast
   413 | D:5      | Reached XP level 6. HP: 44/59 MP: 5/5
   428 | D:5      | Reached skill level 7 in Unarmed Combat
   581 | D:7      | Reached XP level 7. HP: 41/66 MP: 6/6
   678 | D:7      | Reached skill level 8 in Unarmed Combat
   876 | D:7      | Found a sacrificial altar of Ru.
  1071 | D:7      | Reached skill level 9 in Unarmed Combat
  1101 | D:7      | Found a basalt altar of Yredelemnul.
  1122 | D:7      | Noticed a spriggan baker
  1126 | D:7      | Killed a spriggan baker
  1126 | D:7      | Reached XP level 8. HP: 68/74 MP: 7/7
  1207 | D:7      | HP: 2/74 [killer bee (3)]
  1226 | D:6      | Reached skill level 10 in Unarmed Combat
  1321 | D:5      | Noticed an ogre
  1334 | D:5      | Killed an ogre
  1376 | D:5      | Noticed a centaur
  1418 | D:5      | Killed a centaur
  1438 | D:4      | Noticed Robin
  1472 | D:4      | Killed Robin
  1518 | D:4      | Found a burning altar of Makhleb.
  1518 | D:4      | Found a shadowy altar of Dithmenos.
  1772 | D:7      | Reached skill level 11 in Unarmed Combat
  1984 | D:7      | Found a staircase to the Ecumenical Temple.
  1990 | Temple   | Entered the Ecumenical Temple
  2003 | Temple   | Became a worshipper of Warmaster Okawaru
  2165 | D:8      | Noticed a two-headed ogre
  2177 | D:8      | Killed a two-headed ogre
  2177 | D:8      | Reached XP level 9. HP: 38/80 MP: 8/8
  2265 | D:8      | Reached * piety under Okawaru
  2268 | D:8      | Reached skill level 12 in Unarmed Combat
  2412 | D:9      | Noticed Psyche
  2424 | D:9      | Killed Psyche
  2498 | D:9      | Reached skill level 13 in Unarmed Combat
  2506 | D:9      | Noticed Erica
  2525 | D:9      | Killed Erica
  2525 | D:9      | Reached ** piety under Okawaru
  2626 | D:10     | Entered Level 10 of the Dungeon
  2638 | D:10     | Reached *** piety under Okawaru
  2638 | D:10     | Reached XP level 10. HP: 79/88 MP: 9/9
  2702 | D:11     | Reached skill level 14 in Unarmed Combat
  2728 | D:10     | Noticed a centaur zombie
  2735 | D:10     | Killed a centaur zombie
  2781 | D:11     | Found Eplarheb's Food Shoppe.
  2781 | D:11     | Noticed Implojin's ghost (novice TrFi)
  2856 | D:10     | Noticed Sonja
  2863 | D:10     | Killed Sonja
  2863 | D:10     | Reached skill level 15 in Unarmed Combat
  3005 | D:10     | Reached **** piety under Okawaru
  3053 | D:11     | Killed Implojin's ghost
  3110 | D:11     | Found Geptus's Assorted Antiques.
  3115 | D:11     | Bought a scroll of enchant armour for 195 gold pieces
  3115 | D:11     | Bought a short wooden wand for 104 gold pieces
  3115 | D:11     | Bought an inky potion for 23 gold pieces
  3143 | D:11     | Noticed Implojin's ghost (novice TrFi)
  3152 | D:11     | Killed Implojin's ghost
  3234 | D:11     | Reached skill level 16 in Unarmed Combat
  3234 | D:11     | Reached XP level 11. HP: 88/94 MP: 8/10
  3274 | D:11     | Found Vuar Hio's Weapon Shoppe.
  3297 | D:11     | Noticed Fannar
  3305 | D:11     | Killed Fannar
  3423 | D:11     | Found Dehoceh's Armour Shoppe.
  3437 | D:11     | Found a staircase to the Lair.
  3450 | Lair:1   | Entered Level 1 of the Lair of Beasts
  3458 | Lair:1   | Noticed braveplatypus's ghost (novice OgHu)
  3478 | Lair:1   | Killed braveplatypus's ghost
  3478 | Lair:1   | Reached ***** piety under Okawaru
  3634 | Lair:3   | Reached skill level 17 in Unarmed Combat
  3684 | Lair:4   | Reached skill level 1 in Invocations
  3701 | Lair:4   | HP: 3/94 [fire drake/blast of flame (23)]
  3702 | Lair:4   | Reached skill level 2 in Invocations
  3740 | Lair:3   | Reached skill level 3 in Invocations
  3826 | Lair:3   | Reached skill level 4 in Invocations
  3906 | Lair:4   | Slain by a basilisk

Action                   |  1- 3 |  4- 6 |  7- 9 | 10-12 || total
-------------------------+-------+-------+-------+-------++-------
Melee: Unarmed           |    22 |    44 |   294 |   243 ||   603
Invok: Heroism           |       |       |     3 |    15 ||    18
       Finesse           |       |       |       |     1 ||     1
Evoke: Wand              |       |       |     2 |       ||     2
  Use: Potion            |     1 |       |     6 |     5 ||    12
       Scroll            |       |       |    15 |     5 ||    20
 Stab: Invisible         |       |       |     5 |       ||     5
       Sleeping          |       |       |     1 |     1 ||     2
  Eat: Chunk             |     3 |     5 |    18 |    19 ||    45

Table legend:
 A = Turns spent in this place as a percentage of turns spent in the entire game.
 B = Non-inter-level travel turns spent in this place as a percentage of non-inter-level travel turns spent in the entire game.
 C = Inter-level travel turns spent in this place as a percentage of turns spent in this place.
 D = Turns resting spent in this place as a percentage of non-inter-level travel turns spent in this place.
 E = Turns spent auto-exploring this place as a percentage of non-inter-level travel turns spent in this place.
 F = Non-inter-level travel turns spent in this place divided by the number of levels of this place that you've seen.
                   A       B       C       D       E      F
               +-------+-------+-------+-------+-------+----------------------
         Total | 100.0 | 100.0 |   0.0 |   0.0 |   0.0 | 226.3
       Dungeon |  87.7 |  87.7 |   0.0 |   0.0 |   0.0 | 281.1
        Temple |   0.7 |   0.7 |   0.0 |   0.0 |   0.0 |  28.0
          Lair |  11.6 |  11.6 |   0.0 |   0.0 |   0.0 | 111.5
               +-------+-------+-------+-------+-------+----------------------

Table legend:
 A = Kills in this place as a percentage of kills in entire the game.
 B = Kills by you in this place as a percentage of kills by you in the entire game.
 C = Kills by friends in this place as a percentage of kills by friends in the entire game.
 D = Other kills in this place as a percentage of other kills in the entire game.
 E = Experience gained in this place as a percentage of experience gained in the entire game.
 F = Experience gained in this place divided by the number of levels of this place that you have seen.
                   A       B       C       D       E      F
               +-------+-------+-------+-------+-------+----------------------
         Total | 100.0 | 100.0 |  -nan |  -nan | 100.0 | 1097.9
       Dungeon |  85.1 |  85.1 |  -nan |  -nan |  68.8 | 1070.2
          Lair |  14.9 |  14.9 |  -nan |  -nan |  31.2 | 1455.2
               +-------+-------+-------+-------+-------+----------------------
